 Dungeon Sprint DCSS version 0.27-a0-538-g15ff5c5295 (webtiles) character file.

Game seed: 2077678572013423806

25246 rocky1 the Earth Mage (level 13, -3/87 (90) HPs)
             Began as an Octopode Earth Elementalist on Mar 7, 2021.
             Was a High Priest of Sif Muna.
             Killed by drain life
             ... invoked by a deathcap
             ... summoned by a curse toe
              (22 damage)
             ... in the Dungeon (Sprint VII: "The Pits").
             The game lasted 00:36:49 (4296 turns).

rocky1 the Earth Mage (Octopode Earth Elementalist) Turns: 4296, Time: 00:36:51

HP:   -3/87 (90)    AC:  4    Str: 15    XL:     13   Next: 18%
MP:   0/37          EV: 19    Int: 21    God:    Sif Muna [*****.]
Gold: 59            SH:  9    Dex: 12    Spells: 5/35 levels left

rFire    + . .     SeeInvis .   D - +6 long sword of Impeachment {drain, MP+9}
rCold    + . .     Faith    .   z - +0 kite shield
rNeg     . . .     Spirit   .   (helmet restricted)
rPois    .         Reflect  .   (no amulet)
rElec    .         Harm     .   n - +3 ring of protection
rCorr    .         Rampage  .   m - +3 ring of evasion
Will     +....     NoTele   +   w - ring of willpower
Stlth    +++++.....             x - ring of protection from fire
HPRegen  0.24/turn              C - ring of protection from cold
MPRegen  0.25/turn              E - +6 ring of strength
                                (no ring)
                                (no ring)

@: lightly drained
A: almost no armour, amphibious, 8 rings, constrict 8, camouflage 1, gelatinous
body 1, nimble swimmer 1
a: Renounce Religion, Channel Magic, Forget Spell, Divine Exegesis


You were in the Dungeon.
You worshipped Sif Muna.
Sif Muna was extremely pleased with you.
You visited 1 branch You collected 59 gold pieces.

Inventory:

Hand Weapons
 k - a +4 quarterstaff of speed
 r - the +2 scimitar "Hirhyqig" {protect, Str+4}
   (You found it in the Dungeon)

   It grants its wielder temporary protection when it strikes (+7 to AC).
   It affects your strength (+4).
 D - the +6 long sword of Impeachment (weapon) {drain, MP+9}
   (You took it off an orc priest in the Dungeon)

   A truly terrible weapon, it drains the life of those it strikes.
   It affects your magic capacity (+9).
Missiles
 b - 42 stones
Armour
 z - a +0 kite shield (worn)
Magical Staves
 y - a staff of cold
Jewellery
 m - a +3 ring of evasion (right tentacle)
 n - a +3 ring of protection (left tentacle)
 w - a ring of willpower (on tentacle)
 x - a ring of protection from fire (on tentacle)
 C - a ring of protection from cold (on tentacle)
 E - a +6 ring of strength (on tentacle)
Scrolls
 h - a scroll of fear
 i - 5 scrolls of amnesia
 j - a scroll of summoning
 q - 4 scrolls of identify
 s - 2 scrolls of enchant weapon
 t - 2 scrolls of fog
 u - 2 scrolls of enchant armour
Potions
 a - 2 potions of invisibility
 c - 9 potions of curing
 d - 5 potions of heal wounds
 e - 2 potions of haste
 f - a potion of magic
 g - 9 potions of berserk rage
 o - 2 potions of resistance
 p - a potion of brilliance
 v - a potion of mutation


   Skills:
 + Level 8.8 Fighting
 + Level 5.1 Long Blades
 + Level 11.8 Dodging
 - Level 10.1 Stealth
 + Level 5.0 Shields
 + Level 11.9 Spellcasting
 - Level 10.1 Conjurations
 + Level 11.7 Transmutations
 - Level 9.2 Fire Magic
 + Level 16.2 Earth Magic
 - Level 12.8 Invocations


You had 5 spell levels left.
You knew the following spells:

 Your Spells              Type           Power      Damage    Failure   Level
a - Sandblast             Erth           100%       2d20      1%          1
b - Stone Arrow           Conj/Erth      100%       3d13      1%          3
c - Lee's Rapid Deconstr  Erth           34%        3d18*     1%          5
d - Statue Form           Tmut/Erth      42%        N/A       10%         6
e - Iron Shot             Conj/Erth      30%        9d6       13%         6
f - Fireball              Conj/Fire      26%        3d12      10%         5
g - Petrify               Tmut/Erth      63%        N/A       1%          4

Your spell library contained the following spells:

 Spells                   Type           Power      Damage    Failure   Level
 Beastly Appendage        Tmut           100%       N/A       1%          1
 Foxfire                  Conj/Fire      100%       2x1d9     1%          1
 Sting                    Tmut/Pois      100%       1d8       1%          1
 Passwall                 Tmut/Erth      52%        N/A       1%          2
 Searing Ray              Conj           100%       3d7       1%          2
 Wereblood                Tmut           58%        N/A       1%          2
 Conjure Flame            Conj/Fire      52%        6-21      1%          3
 Shock                    Conj/Air       100%       1d9       2%          1
 Ignite Poison            Fire/Tmut/Pois 41%        N/A       3%          3
 Sticky Flame             Conj/Fire      52%        2d7       3%          4
 Spider Form              Tmut/Pois      18%        N/A       4%          3
 Blade Hands              Tmut           29%        N/A       4%          5
 Bolt of Magma            Conj/Fire/Erth 29%        4d13      4%          5
 Irradiate                Conj/Tmut      27%        3d22      6%          5
 Dazzling Flash           Conj/Hex       66%        N/A       7%          3
 Leda's Liquefaction      Hex/Erth       23%        N/A       7%          4
 Inner Flame              Hex/Fire       31%        N/A       9%          3
 Iskenderun's Battlesphe  Conj           53%        2d10      9%          5
 Mephitic Cloud           Conj/Pois/Air  26%        N/A       14%         3
 Ice Form                 Ice/Tmut       37%        N/A       17%         4
 Animate Skeleton         Necr           24%        N/A       19%         1
 Pain                     Necr           48%        1d6       19%         1
 Borgnjor's Vile Clutch   Necr/Erth      23%        N/A       19%         5
 Fulminant Prism          Conj/Hex       16%        3d11      24%         4
 Hailstorm                Conj/Ice       33%        3d8       24%         4
 Corpse Rot               Necr/Air       N/A        N/A       28%         2
 Poisonous Vapours        Pois/Air       24%        N/A       28%         2
 Slow                     Hex            12%        N/A       28%         2
 Sublimation of Blood     Necr           6%         N/A       28%         2
 Alistair's Intoxication  Tmut/Pois      24%        N/A       43%         5
 Yara's Violent Unravell  Hex/Tmut       18%        3d9       43%         5
 Call Canine Familiar     Summ           12%        N/A       50%         3
 Portal Projectile        Hex/Tloc       24%        N/A       50%         3
 Vampiric Draining        Necr           6%         2d6       50%         3
 Lightning Bolt           Conj/Air       16%        1d30      54%         5
 Animate Dead             Necr           6%         N/A       88%         4
 Olgreb's Toxic Radiance  Pois           12%        N/A       88%         4
 Summon Ice Beast         Ice/Summ       12%        N/A       88%         4
 Summon Lightning Spire   Summ/Air       12%        N/A       88%         4
 Agony                    Necr           12%        N/A       99%         5
 Summon Forest            Summ/Tloc      6%         N/A       99%         5
 Hydra Form               Tmut           29%        N/A       24%         6
 Starburst                Conj/Fire      26%        8x6d8     47%         6
 Orb of Destruction       Conj           26%        9d11      94%         7
 Eringya's Noxious Bog    Tmut/Pois      18%        N/A       95%         6
 Conjure Ball Lightning   Conj/Air       16%        3x3d6     98%         6
 Lehudib's Crystal Spear  Conj/Erth      30%        10d8      99%         8
 Death Channel            Necr           6%         N/A       100%        6
 Invisibility             Hex            12%        N/A       100%        6
 Haunt                    Necr/Summ      6%         N/A       100%        7
 Spellforged Servitor     Conj/Summ      16%        N/A       100%        7
 Chain Lightning          Conj/Air       16%        N/A       100%        8
 Disjunction              Tloc           6%         N/A       100%        8
 Necromutation            Tmut/Necr      18%        N/A       100%        8
 Summon Horrible Things   Summ           6%         N/A       100%        8
 Death's Door             Necr           6%         N/A       100%        9
 Fire Storm               Conj/Fire      26%        8d7       100%        9
 Shatter                  Erth           34%        3d28*     100%        9


Dungeon Overview and Level Annotations

Branches:
Dungeon (1/1)

Altars:
Ashenzari
Cheibriados
Dithmenos
Elyvilon
Fedhas
Gozag
Hepliaklqana
Kikubaaqudgha
Makhleb
Nemelex Xobeh
Okawaru
Qazlal
Ru
Sif Muna
Trog
Uskayaw
Vehumet
Wu Jian
Xom
Yredelemnul
Zin
The Shining One
Beogh
Jiyva
Lugonu


Innate Abilities, Weirdness & Mutations

You cannot wear most types of armour.
You are amphibious.
You can wear up to eight rings at the same time.
You can use your tentacles to constrict eight enemies at once.
Your skin changes colour to match your surroundings (Stealth+).
Your rubbery body absorbs attacks. (AC +1, EV +1)
You are stealthy while swimming. (Stealth+)


Message History

A metal wall.
The metal wall shatters!
The blast of metal fragments hits the curse toe!
The curse toe is severely damaged.
You constrict the quokka zombie.
You destroy the quokka zombie!
Sif Muna accepts your kill.
The curse toe gestures.
You block the wandering mushroom's attack. x2
Casting: Lee's Rapid Deconstruction (mildly dangerous; 1% risk of failure)
Confirm with . or Enter, or press ? or * to list all spells.
Aiming: Lee's Rapid Deconstruction (mildly dangerous; 1% risk of failure)
Press: ? - help, Dir - move target A metal wall.
The metal wall shatters!
The blast of metal fragments hits the curse toe but does no damage.
The curse toe is severely damaged.
The soul eater draws from the surrounding life force!
The soul eater is healed.
The curse toe calls on the powers of darkness!
Your body is wracked with pain!
* * * LOW HITPOINT WARNING * * *
The wandering mushroom completely misses you.
You block the wandering mushroom's attack.
The wandering mushroom closely misses you.
The deathcap misses you.
Casting: Lee's Rapid Deconstruction (mildly dangerous; 1% risk of failure)
Confirm with . or Enter, or press ? or * to list all spells.
You don't have enough magic to cast this spell.
Unknown command.
Unknown command.
Okay, then.
You feel much better. The soul eater hits you!
You feel drained.
The wandering mushroom releases spores at you!
* * * LOW HITPOINT WARNING * * *
You are engulfed in a cloud of spores!
The wandering mushroom releases spores at you but does no damage.
The wandering mushroom barely misses you.
The deathcap draws from the surrounding life force!
You die...

##############..#....#..*****,,*,
............''..........**,,+,,,,
............''..........**,,+,,,,
##########..##..#....#..**,,*++*+
.#.#.#.#.#..##..........++,,,,,*,
#.#)#.#.##..##..........++,,,,,*,
.#.#.#.#.#..####''####++*********
#.#.#.#.##..####ff###*++*********
.#.#.#.#.#..##ff@ff.#*,,,,,,,,,,,
##########..##.#3##.#*,,,,,,,,,,,
............##.#fz+.#*,,*********
............##,+)=#,#*,,*,,*,,*,,
#''##########*,#=)+,**..#,,*,,**+
#''##########*,+..#,**.z#,,,,,*,,
........##..#*,##+#,**..#,,****,,
.#......##..#*,,,,,,**i.#,,+,,,,,
........++..#*********..#,,****,,


You could see a curse toe, a soul eater, 2 deathcaps and 5 wandering mushrooms.

Vanquished Creatures
  A storm dragon (D)
  A yellow draconian (D)
  Josephine (D)
  A naga warrior (D)
  Erica (D)
  An alligator (D)
  6 death yaks (D)
  A vampire mage (D)
  An orc high priest (D)
  2 sea snakes (D)
  A spriggan druid (D)
  An unseen horror (D)
  A harpy (D)
  A wolf spider (D)
  An orc knight (D)
  An ugly thing (D)
  A deep elf pyromancer (D)
  A manticore (D)
  An elephant (D)
  Joseph (D)
  A black mamba (D)
  A rime drake (D)
  2 efreet (D)
  2 hellwings (D)
  A komodo dragon (D)
  2 demonic crawlers (D)
  A red devil (D)
  A tyrant leech (D)
  A troll (D)
  A polar bear (D)
  A blink frog (D)
  A wandering mushroom (D)
  A hornet (D)
  2 slime creatures (D)
  7 dream sheep (D)
  2 redbacks (D)
  A spriggan (D)
  3 wraiths (D)
  An air elemental (D)
  Eustachio (D)
  A tarantella (D)
  A chaos spawn (D)
  6 vampire mosquitoes (D)
  A warg (D)
  2 nagas (D)
  A floating eye (D)
  8 orc warriors (D)
  An ogre (D)
  A necrophage (D)
  6 wolves (D)
  An eye of draining (D)
  A gnoll sergeant (D)
  9 killer bees (D)
  3 wights (D)
  A quasit (D)
  An orc priest (D)
  Jessica (D)
  3 worker ants (D)
  7 gnolls (D)
  An adder (D)
  A white imp (D)
  9 orcs (D)
  A bat (D)
  2 giant cockroaches (D)
  A goblin (D)
  A hobgoblin (D)
  3 quokkas (D)
  A ball python (D)
  A quokka zombie (D)
  2 rats (D)
137 creatures vanquished.

Vanquished Creatures (collateral kills)
  A centaur (D)
  A gnoll shaman (D)
  A leopard gecko (D)
  A frilled lizard (D)
4 creatures vanquished.

Vanquished Creatures (others)
  11 fire vortices (D)
11 creatures vanquished.

Grand Total: 152 creatures vanquished

Notes
Turn   | Place    | Note
-------+----------+-------------------------------------------
     0 | D        | rocky1 the Octopode Earth Elementalist began the quest for
                  | the Orb.
     0 | D        | Reached XP level 1. HP: 11/11 MP: 3/3
   148 | D        | Found a bloodstained altar of Trog.
   148 | D        | Found a shimmering blue altar of Sif Muna.
   148 | D        | Found a viscous altar of Jiyva.
   148 | D        | Found a hazy altar of Hepliaklqana.
   148 | D        | Found an opulent altar of Gozag.
   149 | D        | Found a glowing golden altar of the Shining One.
   149 | D        | Found a glowing silver altar of Zin.
   149 | D        | Found a basalt altar of Yredelemnul.
   149 | D        | Found a shimmering altar of Xom.
   149 | D        | Found an ornate altar of the Wu Jian Council.
   149 | D        | Found a sacrificial altar of Ru.
   149 | D        | Found a stormy altar of Qazlal.
   149 | D        | Found an iron altar of Okawaru.
   149 | D        | Found a sparkling altar of Nemelex Xobeh.
   149 | D        | Found a burning altar of Makhleb.
   149 | D        | Found a blossoming altar of Fedhas.
   149 | D        | Found a white marble altar of Elyvilon.
   149 | D        | Found a shadowy altar of Dithmenos.
   149 | D        | Found a snail-covered altar of Cheibriados.
   152 | D        | Found a corrupted altar of Lugonu.
   152 | D        | Found a radiant altar of Vehumet.
   153 | D        | Found an ancient bone altar of Kikubaaqudgha.
   153 | D        | Found a hide-covered altar of Uskayaw.
   153 | D        | Found a broken altar of Ashenzari.
   154 | D        | Became a worshipper of Sif Muna the Loreminder
   167 | D        | Noticed a worker ant
   175 | D        | Reached skill level 4 in Earth Magic
   185 | D        | Killed a worker ant
   186 | D        | Reached skill level 6 in Earth Magic
   186 | D        | Reached XP level 2. HP: 10/17 MP: 0/5
   186 | D        | Reached XP level 3. HP: 12/21 MP: 0/6
   314 | D        | Reached * piety under Sif Muna
   316 | D        | Reached skill level 7 in Earth Magic
   333 | D        | Reached ** piety under Sif Muna
   334 | D        | Reached XP level 4. HP: 27/27 MP: 2/7
   452 | D        | Learned a level 3 spell: Stone Arrow
   473 | D        | Reached skill level 8 in Earth Magic
   475 | D        | Reached *** piety under Sif Muna
   476 | D        | Reached skill level 5 in Invocations
   476 | D        | Reached XP level 5. HP: 25/31 MP: 6/10
   541 | D        | Learned a level 5 spell: Lee's Rapid Deconstruction
   550 | D        | Reached skill level 9 in Earth Magic
   606 | D        | Learned a level 4 spell: Petrify
   615 | D        | Noticed a necrophage
   620 | D        | Killed a necrophage
   620 | D        | Reached **** piety under Sif Muna
   621 | D        | Reached skill level 5 in Spellcasting
   621 | D        | Reached XP level 6. HP: 36/36 MP: 7/14
   805 | D        | Noticed a redback
   807 | D        | Killed a redback
   808 | D        | Reached skill level 11 in Earth Magic
   808 | D        | Reached XP level 7. HP: 40/41 MP: 8/15
   859 | D        | Reached ***** piety under Sif Muna
   860 | D        | Identified Quatruob's Almanac of Captivating Darkness (Sif
                  | Muna gifted it to you in the Dungeon)
   860 | D        | Received a gift from Sif Muna
   861 | D        | Reached skill level 12 in Earth Magic
   975 | D        | Noticed a polar bear
   975 | D        | Noticed an orc knight
   982 | D        | Reached skill level 1 in Fighting
   988 | D        | Killed an orc knight
   989 | D        | Reached skill level 13 in Earth Magic
   989 | D        | Reached XP level 8. HP: 53/54 MP: 2/18
   992 | D        | Killed a polar bear
   993 | D        | Reached skill level 5 in Fighting
   993 | D        | Reached skill level 5 in Dodging
   993 | D        | Reached skill level 5 in Transmutations
   993 | D        | Identified Sif Muna's Volume of Arcane Weapons and the
                  | Mountains (Sif Muna gifted it to you in the Dungeon)
   993 | D        | Received a gift from Sif Muna
  1037 | D        | Got the +2 scimitar "Hirhyqig" {protect, Str+4}
  1217 | D        | Learned a level 6 spell: Iron Shot
  1232 | D        | Noticed a wraith
  1232 | D        | Noticed a wraith
  1233 | D        | Noticed a wraith
  1234 | D        | Killed a wraith
  1234 | D        | Noticed Josephine
  1235 | D        | Reached skill level 1 in Conjurations
  1235 | D        | Reached XP level 9. HP: 61/61 MP: 9/20
  1235 | D        | Noticed a deep elf pyromancer
  1239 | D        | Killed Josephine
  1240 | D        | Reached skill level 5 in Stealth
  1245 | D        | Killed a deep elf pyromancer
  1614 | D        | Noticed a death cob
  1640 | D        | Noticed an elephant
  1642 | D        | Received a gift from Sif Muna
  1647 | D        | Killed an elephant
  1648 | D        | Reached XP level 10. HP: 53/71 MP: 16/22
  1836 | D        | Learned a level 5 spell: Fireball
  1848 | D        | Noticed a sea snake
  1851 | D        | Killed a sea snake
  1852 | D        | Reached skill level 1 in Fire Magic
  1852 | D        | Reached skill level 14 in Earth Magic
  2170 | D        | Reached skill level 5 in Conjurations
  2171 | D        | Identified Sif Muna's Volume of the Entourage and
                  | Transmigration (Sif Muna gifted it to you in the Dungeon)
  2171 | D        | Received a gift from Sif Muna
  2458 | D        | Identified Vyuckaym's Tome of Sinister Transmigration (Sif
                  | Muna gifted it to you in the Dungeon)
  2458 | D        | Received a gift from Sif Muna
  2569 | D        | Noticed Jessica
  2572 | D        | Reached XP level 11. HP: 64/75 MP: 18/24
  2573 | D        | Reached skill level 10 in Invocations
  2573 | D        | Killed Jessica
  2760 | D        | Identified Sif Muna's Grimoire of the Toxic Rocks (Sif Muna
                  | gifted it to you in the Dungeon)
  2760 | D        | Received a gift from Sif Muna
  2761 | D        | Killed an unseen horror
  2766 | D        | Reached skill level 10 in Stealth
  2898 | D        | Noticed a wolf spider
  2900 | D        | Killed a wolf spider
  2901 | D        | Reached skill level 5 in Fire Magic
  2902 | D        | Noticed Erica
  2904 | D        | Identified Sif Muna's Disquisition on Attacks (Sif Muna
                  | gifted it to you in the Dungeon)
  2904 | D        | Received a gift from Sif Muna
  2906 | D        | Killed Erica
  2907 | D        | Reached skill level 10 in Spellcasting
  2907 | D        | Noticed a sea snake
  2910 | D        | Killed a sea snake
  3048 | D        | Noticed a death yak
  3058 | D        | Killed a death yak
  3059 | D        | Reached skill level 15 in Earth Magic
  3200 | D        | Reached ****** piety under Sif Muna
  3200 | D        | Identified Sif Muna's Collected Works on Shifting
                  | Enchantment (Sif Muna gifted it to you in the Dungeon)
  3200 | D        | Received a gift from Sif Muna
  3228 | D        | Killed Eustachio
  3228 | D        | Identified Sif Muna's Guide on Attacks (Sif Muna gifted it
                  | to you in the Dungeon)
  3228 | D        | Received a gift from Sif Muna
  3232 | D        | Noticed a death yak
  3234 | D        | Reached skill level 10 in Dodging
  3236 | D        | Noticed a death yak
  3237 | D        | Noticed a death yak
  3239 | D        | Noticed a death yak
  3239 | D        | Noticed a death yak
  3241 | D        | Killed a death yak
  3242 | D        | Reached skill level 10 in Transmutations
  3436 | D        | Killed a death yak
  3437 | D        | Killed a death yak
  3437 | D        | Identified Sif Muna's Disquisition on the Igneous Birds
                  | (Sif Muna gifted it to you in the Dungeon)
  3437 | D        | Received a gift from Sif Muna
  3438 | D        | Reached XP level 12. HP: 81/81 MP: 18/26
  3441 | D        | Killed a death yak
  3441 | D        | Killed a death yak
  3497 | D        | Learned a level 6 spell: Statue Form
  3828 | D        | Noticed an orc high priest
  3831 | D        | Killed an orc high priest
  3831 | D        | Identified Humam's Collected Works on Floating Stolen Souls
                  | (Sif Muna gifted it to you in the Dungeon)
  3831 | D        | Received a gift from Sif Muna
  3832 | D        | Reached skill level 1 in Long Blades
  3832 | D        | Reached skill level 1 in Shields
  3833 | D        | Noticed a naga warrior
  3839 | D        | Killed a naga warrior
  3839 | D        | Identified Sif Muna's Grimoire of Supportive Transmigration
                  | (Sif Muna gifted it to you in the Dungeon)
  3839 | D        | Received a gift from Sif Muna
  3843 | D        | Noticed a storm dragon
  3849 | D        | Killed a storm dragon
  3851 | D        | Identified the +6 morningstar of No Interval {vorpal,
                  | Fragile +Blink +Rage}
  3851 | D        | Noticed a yellow draconian
  3856 | D        | Identified Sif Muna's Handbook of Displacement and
                  | Transmigration (Sif Muna gifted it to you in the Dungeon)
  3856 | D        | Received a gift from Sif Muna
  3858 | D        | Noticed a vampire mage
  3860 | D        | HP: 2/82 [yellow draconian/the +6 morningstar of No
                  | Interval {vorpal, Fragile +Blink +Rage} (5)]
  3862 | D        | Identified the +6 long sword of Impeachment {drain, MP+9}
  3866 | D        | Killed a vampire mage
  3871 | D        | Noticed an alligator
  3872 | D        | Noticed Joseph
  3874 | D        | Killed a yellow draconian
  3875 | D        | Reached skill level 10 in Conjurations
  3875 | D        | Reached skill level 16 in Earth Magic
  3875 | D        | Reached XP level 13. HP: 53/89 MP: 28/28
  3878 | D        | Killed Joseph
  3878 | D        | Identified Sif Muna's Catalogue of the Eternal Fruit (Sif
                  | Muna gifted it to you in the Dungeon)
  3878 | D        | Received a gift from Sif Muna
  4180 | D        | Got the Disquisition on Evil Intoxication
  4286 | D        | Noticed a curse toe
  4287 | D        | Received a gift from Sif Muna
  4289 | D        | Reached skill level 5 in Long Blades
  4289 | D        | Reached skill level 5 in Shields
  4296 | D        | Killed from afar by a deathcap

Illustrated notes

Levels and vault maps discovered:
D:        pitsprint [storerooms_1, entrance_room_1, metal_vault_6, armoury_1,
          mini_pit_1, grid_room_1, main_hall_1, silver_pit, the_coven_3,
          the_vestibule_1, steel_vault_1, golden_pit, hallway_of_sentries,
          crystal_vault_4, iron_vault_2, final_vault]

Skill      XL: |  1  2  3  4  5  6  7  8  9 10 11 12 13 |
---------------+----------------------------------------+-----
Earth Magic    | 6 7 8 9 11 13 14 15 16 | 16.2
Invocations    | 2 5 6 7 8 9 11 12 | 12.8
Spellcasting   | 3 5 6 7 8 9 10 11 | 11.9
Fighting       | 3 5 7 8 |  8.8
Transmutations | 4 5 7 8 10 11 | 11.7
Dodging        | 4 5 7 8 10 11 | 11.8
Stealth        | 3 6 9 10 | 10.1
Conjurations   | 1 4 6 8 10 | 10.1
Fire Magic     | 4 7 9 |  9.2
Long Blades    | 4 5 |  5.1
Shields        | 4 5 |  5.0

Action                   |  1- 3 |  4- 6 |  7- 9 | 10-12 | 13-15 || total
-------------------------+-------+-------+-------+-------+-------++-------
Melee: Unarmed           |    13 |    10 |       |       |       ||    23
       Constrict         |     3 |     3 |       |     3 |     1 ||    10
       Tentacles         |     1 |     1 |       |     3 |       ||     5
       Scimitar          |       |       |       |     3 |       ||     3
 Cast: Sandblast         |     9 |    14 |       |    10 |       ||    33
       Lee's Rapid Decon |       |     2 |    27 |    85 |    15 ||   129
       Stone Arrow       |       |     1 |       |     3 |     1 ||     5
       Fire Storm        |       |       |       |     3 |     1 ||     4
       Statue Form       |       |       |       |     2 |       ||     2
       Iron Shot         |       |       |       |     1 |       ||     1
Invok: Channel Magic     |       |       |     4 |    10 |     1 ||    15
       Divine Exegesis   |       |       |       |     3 |     1 ||     4
  Use: Potion            |       |     1 |     2 |     8 |     3 ||    14
       Scroll            |       |       |       |     2 |     1 ||     3
 Stab: Sleeping          |     1 |       |       |       |       ||     1
Armor: Skin              |     1 |     2 |     1 |     8 |     5 ||    17
Dodge: Dodged            |    11 |     4 |     8 |    43 |    13 ||    79
Block: Kite shield       |       |       |       |     8 |    11 ||    19
       Rpst.: Scimitar   |       |       |       |    16 |       ||    16
       Long sword        |       |       |       |       |     1 ||     1

Table legend: (Time is in decaauts)
 A = Elapsed time spent in this place.
 B = Non-inter-level travel time spent in this place.
 C = Inter-level travel time spent in this place.
 D = Time resting spent in this place.
 E = Time spent auto-exploring this place.
 F = Levels seen in this place.
 G = Mean time per level.
                   A        B        C        D        E       F      G
               +--------+--------+--------+--------+--------+-----+--------+
         Total |   4352 |   4339 |     13 |   2947 |     32 |   1 | 4352.0 |
       Dungeon |   4352 |   4339 |     13 |   2947 |     32 |   1 | 4352.0 |
               +--------+--------+--------+--------+--------+-----+--------+

Top non-repeatable levels by time:
       D: 4352 daAuts
